 Dungeon Crawl Stone Soup version 0.22.1-2-g9c5b331383 (webtiles) character file.

20767 SoftCoreTaco the Fighter (level 12, 0/103 HPs)
             Began as a Minotaur Berserker on Nov 13, 2018.
             Was an Elder of Trog.
             Slain by a sixfirhy (1 damage)
             ... on level 1 of the Abyss on Nov 15, 2018.
             The game lasted 03:22:09 (17461 turns).

SoftCoreTaco the Fighter (Minotaur Berserker)      Turns: 17461, Time: 03:22:09

Health: 0/103      AC: 22    Str: 25    XL:     12   Next: 48%
Magic:  3/3        EV: 13    Int:  4    God:    Trog [****..]
Gold:   557        SH:  0    Dex: 12    Spells: 11/11 levels left

rFire    . . .     SeeInvis .   n - +6 battleaxe (antimagic)
rCold    . . .     Gourm    .   (shield currently unavailable)
rNeg     . . .     Faith    .   X - +0 plate armour
rPois    .         Spirit   .   R - +2 hat
rElec    .         Reflect  .   f - +0 cloak
rCorr    .         Harm     .   Y - +0 pair of gloves
MR       +....     Rnd*Tele +   m - +1 pair of boots {Fly}
Stlth    ..........             (no amulet)
HPRegen  0.27/turn              L - ring of protection from magic
MPRegen  0.08/turn              l - ring of teleportation

@: berserk cooldown, very slightly contaminated
A: retaliatory headbutt, horns 2, frail 1
a: Berserk, Trog's Hand, Brothers in Arms, Renounce Religion, Evoke Flight


You were on level 1 of the Abyss.
You worshipped Trog.
Trog was greatly pleased with you.
You were not hungry.

You visited 2 branches of the dungeon, and saw 15 of its levels.
You visited the Abyss 1 time.

You collected 557 gold pieces.

Inventory:

Hand Weapons
 b - a +2 hand axe of electrocution
 n - a +6 antimagic battleaxe (weapon)
 C - a +0 quarterstaff of freezing
 M - a +0 war axe
 N - a +2 shortbow of freezing
 O - a +1 mace of protection
 P - a +1 dagger of venom
 V - a +2 dagger of distortion
Missiles
 t - 14 tomahawks
 T - 4 tomahawks of returning (quivered)
 Z - 208 arrows
Armour
 f - a +0 cloak (worn)
 m - a +1 pair of boots of flying (worn)
 x - a +1 scale mail of cold resistance
 R - a +2 hat (worn)
 X - a +0 plate armour (worn)
 Y - a +0 pair of gloves (worn)
Jewellery
 a - an uncursed ring of fire
 d - an uncursed ring of see invisible {unknown}
 l - a ring of teleportation (right hand)
 s - an uncursed ring of poison resistance
 u - an uncursed ring of ice
 E - an uncursed ring of resist corrosion
 I - an uncursed ring of protection from fire
 L - a ring of protection from magic (left hand)
Wands
 p - a wand of digging (12)
 w - a wand of enslavement (12)
Scrolls
 g - 2 scrolls of fear
 h - a scroll of immolation
 i - 4 scrolls of enchant weapon
 j - 3 scrolls of amnesia {unknown}
 r - 2 scrolls of identify
 v - a scroll of fog {unknown}
 y - a scroll of acquirement {unknown}
 A - 3 scrolls of enchant armour
 D - 3 scrolls of noise {unknown}
 F - a scroll of random uselessness {unknown}
 J - a scroll of remove curse
 K - 2 scrolls of magic mapping
 U - a scroll of silence {unknown}
Potions
 e - 2 potions of ambrosia {unknown}
 k - 5 potions of curing
 o - 2 potions of brilliance
 q - a potion of haste
 B - a potion of flight
 G - a potion of lignification {unknown}
 H - 2 potions of resistance
 Q - 2 potions of berserk rage {unknown}
Comestibles
 c - 10 rations


   Skills:
 + Level 13.1 Fighting
 - Level 11.8 Axes
 + Level 5.0 Throwing
 - Level 11.4 Armour
 + Level 11.8 Dodging


You had 11 spell levels left.
You didn't know any spells.
Your spell library contained the following spells:

 Spells                   Type           Power        Failure   Level  Hunger
 Apportation              Tloc           #.....       99%         1    ##.....
 Pain                     Necr           #...         99%         1    ##.....
 Summon Butterflies       Summ           #.......     99%         1    ##.....
 Lesser Beckoning         Tloc           #.........   100%        3    ####...
 Tukima's Dance           Hex            #.......     100%        3    ####...
 Alistair's Intoxication  Tmut/Pois      #.......     100%        5    ######.
 Invisibility             Hex            #.......     100%        6    #######


Dungeon Overview and Level Annotations

Branches:
Dungeon (13/15)            Temple (0/1) D:6            Lair (2/6) D:8
    Orc (0/2) D:9
  Swamp: Lair:2-4    Shoals: Lair:2-4     Snake: Lair:2-4    Spider: Lair:2-4
 Vaults: D:13-14

Altars:
Ashenzari
Cheibriados
Elyvilon
Kikubaaqudgha
Nemelex Xobeh
Qazlal
Sif Muna
Trog
Vehumet
Xom
Zin

Shops:
D:5 (

Portals:
Trove: D:12 (give +3 storm dragon scales)

Annotations:
D:8 exclusion: downstairs
D:9 exclusion: downstairs
D:10 2 transporters, roosipov's ghost, journeyman DECj
D:13 Azrael
Lair:1 Sonja


Innate Abilities, Weirdness & Mutations

You reflexively headbutt those who attack you in melee.
You have a pair of horns on your head.
You are frail. (-10% HP)


Message History

* * * LOW HITPOINT WARNING * * *
The sixfirhy shocks you!
* * * LOW HITPOINT WARNING * * *
The sixfirhy hits you but does no damage.
You're wearing all the rings you can.
Remove which one? (? for menu, Esc to You remove your ring of poison resistance.
The sixfirhy hits you but does no damage.
The sixfirhy closely misses you.
You feel slightly jumpy.
l - a ring of teleportation (right hand)
The sixfirhy barely misses you. x2
Your skin stops crawling.
You feel less resistant to hostile enchantments.
The sixfirhy hits you but does no damage.
The sixfirhy hits you!
* * * LOW HITPOINT WARNING * * *
The sixfirhy shocks you!
* * * LOW HITPOINT WARNING * * *
The sixfirhy hits you.
You die...

.#.# # .# #.###
....#_. #.# .#
#.... .. #
##.##.. .# ##
>###..##3. #.. .
..##.#....รท.##.#
# #
#.#.#.##.##... #
##. #...##...#.#
# ....
#..@#......# #
*.###.#3.#..#.# #
..#..#...### .
#.... #.#.# #
#.#.#.#.### .
...####.## # ##..
.... #..#.######
# ##


You could see a sixfirhy.

Vanquished Creatures
  Kirke (D:12)
  Snorg (D:11)
  Fannar (D:12)
  2 two-headed ogres
  2 death yaks (D:8)
  A tengu warrior (D:10)
  A hell hog (Abyss:1)
  2 thrashing horrors (Abyss:1)
  An unseen horror (D:10)
  2 cyclopes
  Psyche (D:9)
  A komodo dragon (Lair:1)
  A yaktaur (D:12)
  2 ancient zymes (Abyss:1)
  A hellwing (Abyss:1)
  A tengu conjurer (D:10)
  A hornet (D:10)
  5 hippogriffs
  2 large abominations (Abyss:1)
  2 flying skulls (Abyss:1)
  A vampire (Abyss:1)
  A ynoxinul (Abyss:1)
  2 yaks (D:10)
  A wyvern (D:12)
  2 hogs (D:12)
  A hungry ghost (D:8)
  A neqoxec (Abyss:1)
  A chaos spawn (Abyss:1)
  2 porcupines
  3 water moccasins
  2 hell hounds
  2 phantoms
  2 sky beasts
  2 orc warriors
  A black bear (D:8)
  5 ogres
  7 centaurs
  2 big kobolds
  5 bullfrogs
  2 small abominations (Abyss:1)
  A wyvern zombie (D:8)
  2 scorpions
  A water moccasin zombie (D:10)
  11 killer bees
  8 wights
  4 howler monkeys
  6 crimson imps
  A bullfrog zombie (D:10)
  2 centaur zombies (D:10)
  3 jellies
  6 orc priests
  3 centaur skeletons
  4 hounds
  4 bullfrog skeletons
  8 orc wizards
  An iguana (D:4)
  3 worker ants
  A howler monkey zombie (D:10)
  A worker ant zombie (D:5)
  6 gnolls
  A howler monkey skeleton (D:10)
  11 adders
  2 shadow imps
  3 white imps (Abyss:1)
  2 adder skeletons
  4 worms (D:2)
  4 dart slugs
  8 leopard geckos
  43 orcs
  4 giant cockroaches
  7 goblins
  15 hobgoblins
  4 jackals (D:8)
  18 kobolds
  7 quokkas
  2 ball pythons
  5 bats
  4 frilled lizards
  A jackal zombie (D:4)
  A quokka zombie (D:5)
  9 rats
  A fungus (Lair:2)
  A lurking horror (Abyss:1)
  2 plants (Lair:1)
311 creatures vanquished.

Vanquished Creatures (collateral kills)
  A death yak (D:8)
  4 yaks (D:8)
5 creatures vanquished.

Vanquished Creatures (others)
  A human (D:12)
  A centaur (D:12)
2 creatures vanquished.

Grand Total: 318 creatures vanquished

Notes
Turn   | Place    | Note
-------+----------+-------------------------------------------
     0 | D:1      | SoftCoreTaco the Minotaur Berserker began the quest for the
                  | Orb.
     0 | D:1      | Reached XP level 1. HP: 19/19 MP: 0/0
   601 | D:1      | Reached XP level 2. HP: 27/27 MP: 1/1
   816 | D:1      | Reached skill level 4 in Fighting
  1285 | D:2      | Reached XP level 3. HP: 14/33 MP: 2/2
  1916 | D:2      | Reached ** piety under Trog
  2245 | D:2      | Reached XP level 4. HP: 40/41 MP: 3/3
  2593 | D:2      | Found a bloodstained altar of Trog.
  3334 | D:3      | Reached XP level 5. HP: 44/47 MP: 4/4
  3689 | D:3      | Reached skill level 5 in Axes
  3976 | D:3      | Reached *** piety under Trog
  4051 | D:3      | Reached skill level 5 in Fighting
  4367 | D:3      | Found a snail-covered altar of Cheibriados.
  4497 | D:4      | Reached XP level 6. HP: 52/56 MP: 5/5
  5099 | D:4      | Found a shattered altar of Ashenzari.
  5355 | D:4      | Found an ancient bone altar of Kikubaaqudgha.
  5360 | D:4      | Found a deep blue altar of Sif Muna.
  5366 | D:4      | Found a radiant altar of Vehumet.
  5370 | D:4      | Identified Kikubaaqudgha's Tome of Evil
  5477 | D:5      | Entered Level 5 of the Dungeon
  5518 | D:5      | Reached XP level 7. HP: 51/62 MP: 6/6
  5630 | D:5      | Reached skill level 5 in Armour
  5640 | D:5      | Reached skill level 6 in Fighting
  5793 | D:5      | Found Nunk's Weapon Shop.
  6026 | D:5      | Reached skill level 5 in Dodging
  6666 | D:6      | Found a glowing silver altar of Zin.
  6723 | D:6      | Reached XP level 8. HP: 56/71 MP: 7/7
  6743 | D:6      | Reached **** piety under Trog
  6846 | D:6      | Found a staircase to the Ecumenical Temple.
  6903 | D:6      | Reached skill level 7 in Fighting
  7133 | D:6      | Found a stormy altar of Qazlal.
  7467 | D:7      | Found a glowing silver altar of Zin.
  8155 | D:7      | Reached XP level 9. HP: 80/81 MP: 8/8
  8210 | D:7      | Reached skill level 8 in Fighting
  8782 | D:8      | Reached ***** piety under Trog
  8791 | D:8      | Found a sparkling altar of Nemelex Xobeh.
  8817 | D:8      | Found a white marble altar of Elyvilon.
  8895 | D:8      | Noticed a death yak
  8899 | D:8      | Noticed a death yak
  8902 | D:8      | Found a staircase to the Lair.
  8903 | D:8      | Noticed a death yak
  9695 | D:8      | Killed a death yak
  9695 | D:8      | Reached skill level 9 in Fighting
  9704 | D:8      | Killed a death yak
  9704 | D:8      | Reached XP level 10. HP: 55/91 MP: 9/9
  9709 | D:8      | Killed a death yak
  9789 | D:8      | Found a shimmering altar of Xom.
 10132 | D:9      | Noticed Psyche
 10202 | Lair:1   | Entered Level 1 of the Lair of Beasts
 10204 | Lair:1   | Reached skill level 10 in Axes
 10319 | D:9      | Reached skill level 10 in Fighting
 10328 | D:9      | Found a staircase to the Orcish Mines.
 10363 | D:9      | Killed Psyche
 10880 | D:10     | Entered Level 10 of the Dungeon
 10949 | D:10     | Noticed roosipov's ghost (journeyman DECj)
 10949 | D:10     | Noticed a two-headed ogre
 10949 | D:10     | Noticed a two-headed ogre
 10950 | D:10     | Noticed a two-headed ogre
 10951 | D:10     | Found a transporter.
 11041 | D:10     | Reached skill level 10 in Armour
 11229 | D:10     | Noticed a two-headed ogre
 11297 | D:10     | Killed a two-headed ogre
 11328 | D:10     | Noticed a tengu warrior
 11362 | D:10     | Killed a tengu warrior
 11362 | D:10     | Reached XP level 11. HP: 69/101 MP: 10/10
 11744 | D:10     | Killed an unseen horror
 11744 | D:10     | Reached skill level 11 in Fighting
 12174 | D:10     | Noticed a white ugly thing
 12376 | D:10     | Reached skill level 10 in Dodging
 12697 | D:10     | Found a transporter.
 13407 | D:11     | Noticed Snorg
 13413 | D:11     | Killed Snorg
 13620 | D:11     | Noticed a two-headed ogre
 13628 | D:11     | Killed a two-headed ogre
 13903 | D:12     | Noticed Fannar
 14119 | D:12     | Killed Fannar
 14581 | D:12     | Noticed Kirke
 14584 | D:12     | Reached skill level 1 in Throwing
 14605 | D:12     | Killed Kirke
 14605 | D:12     | Received a gift from Trog
 14605 | D:12     | Reached skill level 12 in Fighting
 14733 | D:12     | Reached XP level 12. HP: 93/112 MP: 11/11
 14755 | D:12     | Received a gift from Trog
 15086 | D:12     | Found a portal to a secret trove of treasure.
 15841 | D:13     | Noticed Azrael
 16245 | Lair:1   | Noticed Sonja
 16945 | Lair:1   | Cast into level 1 of the Abyss (Sonja)
 16945 | Abyss:1  | Found a corrupted altar of Lugonu.
 16986 | Abyss:1  | Gained mutation: You are frail. (-10% HP) [a neqoxec]
 17020 | Abyss:1  | Noticed a hell hog
 17033 | Abyss:1  | Killed a hell hog
 17317 | Abyss:1  | Found a corrupted altar of Lugonu.
 17422 | Abyss:1  | Reached skill level 13 in Fighting
 17442 | Abyss:1  | Reached skill level 5 in Throwing
 17461 | Abyss:1  | HP: 1/103 [sixfirhy (10)]
 17461 | Abyss:1  | Slain by a sixfirhy

Skill      XL: |  1  2  3  4  5  6  7  8  9 10 11 12 |
---------------+-------------------------------------+-----
Axes           | 4 5 6 8 9 10 11 | 11.8
Fighting       | 4 5 6 7 9 10 12 13 | 13.1
Armour         | 3 4 6 7 9 10 11 | 11.4
Dodging        | 3 4 5 6 8 9 11 | 11.8
Throwing       | 2 5 |  5.0

Action                   |  1- 3 |  4- 6 |  7- 9 | 10-12 || total
-------------------------+-------+-------+-------+-------++-------
Melee: Hand axe          |    75 |   185 |   127 |   305 ||   692
       Headbutt          |    10 |    44 |    59 |   100 ||   213
       War axe           |       |       |   130 |       ||   130
       Battleaxe         |       |       |       |   135 ||   135
Invok: Berserk           |       |       |     3 |     3 ||     6
       Trog's Hand       |       |       |     1 |     6 ||     7
       Brothers in Arms  |       |       |       |     3 ||     3
 Abil: Stop Flying       |       |       |       |     1 ||     1
Evoke: Wand              |       |     1 |       |       ||     1
  Use: Scroll            |       |     4 |     3 |    11 ||    18
       Potion            |       |     1 |       |     8 ||     9
  Eat: Chunk             |     4 |     6 |     4 |    12 ||    26
       Ration            |       |     2 |     3 |     6 ||    11
Armor: Animal skin       |     6 |       |       |       ||     6
       Ring mail         |       |    11 |       |       ||    11
       Scale mail        |       |    39 |    78 |    28 ||   145
       Plate armour      |       |       |       |   249 ||   249
       Leather armour    |       |       |       |     1 ||     1
Dodge: Dodged            |    38 |   107 |   157 |   265 ||   567
